[Event "Team 45 45 League T23"]
[Site "Internet Chess Club"]
[Date "2004.07.15"]
[Round "6"]
[White "billarvola"]
[Black "MicroKidA"]
[Result "1-0"]
[WhiteElo "2044"]
[BlackElo "2035"]
[TimeControl "2700+45"]

1. d4 Nf6 2. c4 g6 3. Nf3 Bg7 4. g3 O-O 5. Bg2 d5 6. O-O c5 7. dxc5 dxc4 8. Qxd8
Rxd8 9. Ne5 Nbd7 10. Rd1 Re8 11. Nxc4 Nxc5 12. Nc3 Rb8 13. Bf4 Ra8 14. Be3 Na6
15. h3 Nb4 16. Rac1 Nc6 17. Nb5 Rf8 18. a3 Bd7 19. Nd4 Rfc8 20. Nxc6 Bxc6 21.
Bxc6 Rxc6 22. Ne5 Rxc1 23. Rxc1 Nd5 24. Bd4 f6 25. Nd3 e5 26. e4 Nb6 27. Be3 Rc8
28. Rxc8+ Nxc8 29. Nc5 b6 30. Ne6 Bf8 31. Nxf8 Kxf8 32. f3 Ke7 33. Kf1 Kd6 34.
Ke2 Kc6 35. Kd3 Nd6 36. f4 Kb5 37. fxe5 fxe5 38. Bd2 Nf7 39. b3 Kc5 40. Bb4+ Kc6
41. Bd2 Kc5 42. a4 b5 43. h4 h6 44. Be3+ Kb4 45. axb5 Kxb5 46. Bxa7 Kb4 47. Kc2
Nd6 48. Bb8 Nxe4 49. Bxe5 h5 50. Bc7 g5 51. hxg5 Nxg5 52. Bd6+ Kb5 53. Kd3 Kc6
54. Be7 Nf7 55. Ke4 Kd7 56. Bb4 Ke6 57. Bd2 Nd6+ 58. Kf4 Kf6 59. Bc3+ Kg6 60.
Be5 Nb7 61. b4 Nd8 62. b5 Nb7 63. b6 Nc5 64. Bc3 Nb7 65. Ke5 Kf7 66. Bb4 Ke8 67.
Ke6 Nd8+ 68. Kf6 Kd7 69. Bd2 Nb7 70. Kg5 Ke6 71. Kxh5 Kf6 72. Bc3+ Kf7 73. g4
Kg8 74. g5 Kh7 75. g6+ Kg8 76. g7 Nd6 77. Kg6 Nb7 78. Kf6 Nc5 79. Ke7 Nb7 80.
Kd7 Nc5+ 81. Kc6 Na6 82. b7 Nb8+ 83. Kc7 Na6+ 84. Kc8 Kf7 85. b8=Q Nxb8 86. Kxb8
Kg8 87. Kc7 {Black resigns} 1-0

[Event "Team 45 45 League T23"]
[Site "Internet Chess Club"]
[Date "2004.07.17"]
[Round "6"]
[White "VincentB"]
[Black "deer"]
[Result "0-1"]
[WhiteElo "1515"]
[BlackElo "1893"]
[TimeControl "2700+45"]

1. d4 Nf6 2. c4 g6 3. Nc3 d5 4. cxd5 Nxd5 5. Bd2 Bg7 6. e4 Nxc3 7. Bxc3 O-O 8.
Nf3 c5 9. d5 Bxc3+ 10. bxc3 Bg4 11. Be2 Nd7 12. Qb3 Qc7 13. Nd2 Bxe2 14. Kxe2
Kg7 15. c4 f5 16. Qc3+ Kg8 17. Raf1 Rae8 18. h4 e6 19. f4 exd5 20. cxd5 fxe4 21.
Qc4 Qd6 22. Nxe4 Nf6 {White resigns} 0-1

[Event "Team 45 45 League T23"]
[Site "Internet Chess Club"]
[Date "2004.07.18"]
[Round "6"]
[White "Ejykes72"]
[Black "GermanSevorin"]
[Result "0-1"]
[WhiteElo "1773"]
[BlackElo "2181"]
[TimeControl "2700+45"]

1. e4 e5 2. Nf3 Nc6 3. Bb5 Nd4 4. Nc3 Nxb5 5. Nxb5 d6 6. c4 Nf6 7. Nc3 Be6 8. d3
Be7 9. Nd5 c6 10. Ne3 h6 11. b3 Qd7 12. Bb2 O-O-O 13. Qc2 g5 14. h3 Nh5 15.
O-O-O Kb8 16. d4 exd4 17. Nxd4 Rhe8 18. g4 Nf4 19. Nxe6 fxe6 20. f3 Rf8 21. Ng2
Rf7 22. Nxf4 Rxf4 23. Qd3 Qe8 24. Kb1 Qf7 25. Rhf1 Rf8 26. e5 d5 27. cxd5 cxd5
28. Rf2 Rxf3 29. Rxf3 Qxf3 30. Qg6 Qxd1+ {White resigns} 0-1

[Event "Team 45 45 League T23"]
[Site "Internet Chess Club"]
[Date "2004.07.21"]
[Round "6"]
[White "Keram"]
[Black "Chess2Play"]
[Result "1-0"]
[WhiteElo "1774"]
[BlackElo "1661"]
[TimeControl "2700+45"]

1. e4 c5 2. Nf3 Nc6 3. Bb5 g6 4. O-O Bg7 5. c3 Nf6 6. Re1 O-O 7. e5 Ng4 8. d4
cxd4 9. cxd4 d6 10. Bf4 dxe5 11. Bxc6 exf4 12. Ba4 e5 13. Nc3 exd4 14. Nb5 d3
15. h3 a6 16. hxg4 axb5 17. Bxb5 Bxg4 18. Qxd3 Qxd3 19. Bxd3 Bxf3 20. gxf3 Bxb2
21. Rab1 Bg7 22. Bc4 Ra4 23. Bb3 Rb4 24. Re7 Bf6 25. Rd7 Rd8 26. Rc7 Rbd4 27.
Rxf7 Kh8 28. Rxf6 Kg7 29. Rf7+ Kh6 30. Rxb7 Rd3 31. Kg2 Rd2 32. Rh1+ Kg5 33.
Rb5+ Kf6 34. Rxh7 Rb2 35. Rf7# {Black checkmated} 1-0